 Dungeon Crawl Stone Soup version 0.29.0-7-g18a832c13a (webtiles) character file.

Game seed: 7088707098587344811

101 apoch the Trooper (level 4, 0/41 HPs)
             Began as a Minotaur Fighter on Aug 30, 2022.
             Killed from afar by an orc wizard (5 damage)
             ... with a magic dart
             ... on level 3 of the Dungeon.
             The game lasted 00:03:58 (1706 turns).

apoch the Trooper (Minotaur Fighter)                Turns: 1706, Time: 00:03:59

Health: 0/41       AC:  8    Str: 23    XL:     4   Next: 48%
Magic:  3/3        EV:  9    Int:  5    God:
Gold:   113        SH:  4    Dex:  9    Spells: 3/3 levels left

rFire   . . .      SeeInvis .   a - +0 war axe
rCold   . . .      Faith    +   c - +0 buckler
rNeg    . . .      Spirit   .   b - +0 scale mail
rPois   .          Reflect  .   (helmet restricted)
rElec   .          Harm     .   l - +0 cloak
rCorr   .          Rampage  .   (no gloves)
Will    .....                   (no boots)
Stlth   ..........              i - amulet of faith
HPRegen 0.13/turn               (no ring)
MPRegen 0.08/turn               (no ring)

@: mighty
A: horns 2, retaliatory headbutt
a: no special abilities


You were on level 3 of the Dungeon.
You visited 1 branch of the dungeon, and saw 3 of its levels.

You collected 113 gold pieces.

Inventory:

Hand Weapons
 a - a +0 war axe (weapon)
Missiles
 f - 25 stones (quivered)
Armour
 b - a +0 scale mail (worn)
 c - a +0 buckler (worn)
 l - a +0 cloak (worn)
Jewellery
 i - an amulet of faith (around neck)
 k - a ring of magical power
Scrolls
 h - a scroll of butterflies {unknown}
 j - a scroll of identify {unknown}
 n - a scroll of teleportation {unknown}
 p - a scroll of enchant weapon {unknown}
Potions
 e - 2 potions of brilliance {unknown}
 g - a potion of ambrosia {unknown}
 m - a potion of lignification {unknown}
 o - a potion of degeneration {unknown}


   Skills:
 + Level 4.5 Fighting
 * Level 4.4 Axes
 + Level 4.4 Armour
 - Level 3.6 Shields


You had 3 spell levels left.
You didn't know any spells.
Your spell library was empty.

Dungeon Overview and Level Annotations

Branches:
Dungeon (3/15)

Altars:


Innate Abilities, Weirdness & Mutations

You have a pair of horns on your head.
You reflexively headbutt those who attack you in melee.


Message History

The puff of flame hits you.
* * * LOW HITPOINT WARNING * * *
Something hits you.
* * * LOW HITPOINT WARNING * * *
You feel less confused. Something hits you but does no damage.
You closely miss something. You block something's attack. Something hits you.
* * * LOW HITPOINT WARNING * * *
You barely miss something.
You hear some strange, mumbled words.
A magic dart appears from out of thin air!
The magic dart hits you but does no damage.
You closely miss something.
You hear some strange, mumbled words.
You are confused.
You miss something. Something hits you but does no damage.
You miss something. Something hits you.
* * * LOW HITPOINT WARNING * * *
Something hits you but does no damage. Something hits you but does no damage.
Things that are here:
a +0 hand axe; an orc corpse You're too confused to move!
Something hits you.
* * * LOW HITPOINT WARNING * * *
You barely miss something.
You hear some strange, mumbled words.
A puff of flame appears from out of thin air!
The puff of flame misses you.
You feel less confused.
Things that are here:
a +0 short sword; an orc corpse You slash something!
Your headbutt misses something. Something hits you but does no damage.
You feel very mighty all of a sudden. You block something's attack.
You closely miss something. Something hits you but does no damage.
You hear some strange, mumbled words.
A magic dart appears from out of thin air!
The magic dart hits you.
You die...

....# ....#.#####
....#.#...### ##### ....#
...... ....# .#### ...#
#.#.# ..## ##.## #.#.#
##.####...# #.#.#
#...(..).#####.#.####
#.####....$....@.)..####
........##.####.{)......#
#####.............##.##.#
#.#.##.####.#.# #
#.#.##.# #......#
#.#.##.# #...)..# #
#.#<.. #......# #.#
#......# .......#


There were no monsters in sight!

Vanquished Creatures
  Crazy Yiuf (D:2)
  An adder (D:3)
  A worm (D:2)
  2 dart slugs
  3 orcs (D:3)
  A ball python (D:2)
  8 endoplasms (D:1)
  A giant cockroach (D:2)
  2 goblins (D:1)
  8 hobgoblins
  4 kobolds
  2 quokkas
  6 bats
  2 frilled lizards (D:2)
  3 rats
45 creatures vanquished.

Notes
Turn   | Place    | Note
-------+----------+-------------------------------------------
     0 | D:1      | apoch the Minotaur Fighter began the quest for the Orb.
     0 | D:1      | Reached XP level 1. HP: 19/19 MP: 0/0
   103 | D:1      | Reached XP level 2. HP: 24/27 MP: 1/1
   444 | D:1      | You fall into a shaft and drop 1 floor!
   490 | D:1      | Found a faded altar of an unknown god.
   922 | D:1      | Reached XP level 3. HP: 33/33 MP: 2/2
  1289 | D:2      | Found a runed translucent door.
  1290 | D:2      | Noticed Crazy Yiuf
  1297 | D:2      | Killed Crazy Yiuf
  1298 | D:2      | Reached XP level 4. HP: 24/41 MP: 3/3
  1706 | D:3      | Killed from afar by an orc wizard

Illustrated notes

Levels and vault maps discovered:
D:1:      dpeg_arrival_tiny_a, layout_loops_cross, basic_ecumenical_altar
D:2:      layout_rooms, skrybe_limestone_x, minmay_tiny_reverse_x,
          uniq_crazy_yiuf_cottage
D:3:      layout_loops_ring, jmf_multi_god_temple, due_unseen_surprise,
          uniq_ijyb

Skill      XL: |  1  2  3 |
---------------+----------+-----
Axes           | 3 4 |  4.4
Fighting       | 4 |  4.5
Armour         | 4 |  4.4
Shields        | |  3.6

Action                   |  1- 3 |  4- 6 || total
-------------------------+-------+-------++-------
Melee: War axe           |    62 |    38 ||   100
       Headbutt          |     7 |     2 ||     9
Throw: Stone             |     2 |     3 ||     5
  Use: Potion            |       |     1 ||     1
Armor: Scale mail        |    38 |    33 ||    71
Dodge: Dodged            |    40 |    12 ||    52
Block: Buckler           |    17 |     4 ||    21
